 Dungeon Crawl Stone Soup version 0.26-a0-651-gb41185065b (webtiles) character file.

Game seed: 10053194532485748053

959 graki42 the Magician (level 7, -2/36 HPs)
             Began as a Deep Elf Fire Elementalist on Oct 6, 2020.
             Slain by an orc warrior
             ... wielding a +0 dire flail
              (19 damage)
             ... on level 6 of the Dungeon.
             The game lasted 00:17:47 (7101 turns).

graki42 the Magician (Deep Elf Fire Elementalist)   Turns: 7101, Time: 00:17:47

Health: -2/36      AC:  4    Str:  7    XL:     7   Next: 92%
Magic:  7/19       EV: 17    Int: 20    God:
Gold:   272        SH:  0    Dex: 15    Spells: 4/20 levels left

rFire    + . .     SeeInvis .   (no weapon)
rCold    x . .     Faith    .   (no shield)
rNeg     . . .     Spirit   .   a - +0 robe
rPois    .         Reflect  .   (no helmet)
rElec    .         Harm     .   r - +1 cloak {MR+}
rCorr    .         Rampage  .   (no gloves)
MR       +....                  (no boots)
Stlth    ++........             (no amulet)
HPRegen  0.12/turn              q - ring of fire
MPRegen  0.16/turn              n - +4 ring of evasion

@: very slightly contaminated
A: no striking features
a: no special abilities


You were on level 6 of the Dungeon.
You visited 1 branch of the dungeon, and saw 6 of its levels.

You collected 272 gold pieces.

Inventory:

Armour
 a - a +0 robe (worn)
 r - a +1 cloak of magic resistance (worn)
Jewellery
 m - an uncursed ring of see invisible
 n - a +4 ring of evasion (right hand)
 q - a ring of fire (left hand)
 s - an uncursed ring of resist corrosion
Wands
 k - a wand of digging (3)
 t - a wand of iceblast (8)
Scrolls
 b - 3 scrolls of teleportation {unknown}
 c - 2 scrolls of fear {unknown}
 d - 2 scrolls of fog
 e - 7 scrolls of identify {unknown}
 f - 9 scrolls of remove curse {unknown}
 i - 2 scrolls of immolation {unknown}
 l - 3 scrolls of amnesia {unknown}
 p - 2 scrolls of enchant armour {unknown}
Potions
 g - 2 potions of stabbing
 h - a potion of invisibility {unknown}
 j - a potion of curing
 o - a potion of cancellation {unknown}


   Skills:
 - Level 3.0 Dodging
 - Level 3.0 Stealth
 + Level 7.1 Spellcasting
 + Level 5.5 Conjurations
 - Level 2.0 Hexes
 + Level 6.3 Fire Magic


You had 4 spell levels left.
You knew the following spells:

 Your Spells              Type           Power        Failure   Level
a - Foxfire               Conj/Fire      ####         1%          1
b - Conjure Flame         Conj/Fire      #####...     2%          3
c - Inner Flame           Hex/Fire       #####...     4%          3
d - Sticky Flame          Conj/Fire      #####...     8%          4
e - Fireball              Conj/Fire      #####.....   22%         5

Your spell library contained the following spells:

 Spells                   Type           Power        Failure   Level


Dungeon Overview and Level Annotations

Branches:
Dungeon (6/15)
 Temple: D:4-7

Altars:
Dithmenos
Gozag
Kikubaaqudgha
Nemelex Xobeh
Qazlal
Xom

Annotations:
D:6 2 transporters, Flugslaktarn's ghost, novice DDFi


Message History

The spell is quite dangerous to cast (8% risk of failure)!
Continue anyway?
Aiming: Sticky Flame (quite dangerous; 8% risk of failure)
Press: ? - help, Shift-Dir - straight line, f/p - orc warrior
Aim: an orc warrior, wielding a +0 dire flail and wearing a +0 plate armour You feel a surge of power!
The sticky flame hits the orc warrior.
The orc warrior is lightly wounded.
The orc warrior is covered in liquid flames!
The orc warrior burns!
The orc warrior hits you with a +0 dire flail!
The orc warrior burns!
The orc misses you.
Flugslaktarn's ghost says, "I won't need demonic support against you."
The orc warrior burns!
The orc warrior burns!
The orc warrior burns!
Casting: Sticky Flame (quite dangerous; 8% risk of failure)
Confirm with . or Enter, or press ? or * to list all spells.
You feel a surge of power!
You conjure some foxfire!
The orc warrior burns!
The orc warrior hits you with a +0 dire flail!!
Ouch! That really hurt!
You die...

...#..##...##..#..#.######
# #..#.. ..©.....#..#.#
.#. ##...##..#....#
.#..#8...8#..#..########
.#..##...##..#..........
.#.........Z.#..########
.#....?$M.VW.#..#####
.#############......#
.......©.oo@........#
.........#vv........#
......).##..........#
......####..........##
...... #............
...... ##############
..... .....


You could see a vampire, an orc warrior (burning), a mummy, Flugslaktarn's
ghost, an orc and a bullfrog skeleton.

Vanquished Creatures
  A hornet zombie (D:6)
  An ogre (D:5)
  Blork the orc (D:5)
  A bullfrog (D:6)
  3 wights (D:5)
  2 orc wizards
  2 hounds
  An orc priest (D:5)
  An iguana (D:6)
  6 worker ants
  Crazy Yiuf (D:6)
  5 adders
  3 white imps
  2 oozes (D:3)
  An adder skeleton (D:5)
  4 worms
  2 dart slugs
  5 leopard geckos
  14 orcs
  A ball python (D:2)
  4 giant cockroaches
  10 goblins
  5 hobgoblins
  6 jackals
  4 quokkas
  7 bats
  6 frilled lizards
  5 kobolds
  6 rats
110 creatures vanquished.

Vanquished Creatures (others)
  421 foxfires
421 creatures vanquished.

Grand Total: 531 creatures vanquished

Notes
Turn   | Place    | Note
-------+----------+-------------------------------------------
     0 | D:1      | graki42 the Deep Elf Fire Elementalist began the quest for
                  | the Orb.
     0 | D:1      | Reached XP level 1. HP: 10/10 MP: 6/6
   249 | D:1      | Reached XP level 2. HP: 15/15 MP: 2/8
   764 | D:1      | Reached XP level 3. HP: 19/19 MP: 5/9
   878 | D:1      | Learned a level 3 spell: Conjure Flame
   882 | D:1      | Learned a level 3 spell: Inner Flame
  1549 | D:2      | Reached XP level 4. HP: 24/24 MP: 9/11
  1660 | D:2      | Reached skill level 4 in Spellcasting
  2450 | D:3      | Reached skill level 1 in Hexes
  2742 | D:3      | Found a faded altar of an unknown god.
  2885 | D:3      | Reached XP level 5. HP: 28/28 MP: 5/13
  2891 | D:3      | Learned a level 4 spell: Sticky Flame
  4659 | D:5      | Entered Level 5 of the Dungeon
  4660 | D:5      | Found a sparkling altar of Nemelex Xobeh.
  4721 | D:5      | Reached skill level 5 in Spellcasting
  4751 | D:5      | Reached XP level 6. HP: 32/32 MP: 12/15
  5021 | D:5      | Reached skill level 5 in Fire Magic
  5851 | D:5      | Reached XP level 7. HP: 36/36 MP: 13/17
  5881 | D:5      | Noticed Blork the orc
  5891 | D:5      | Killed Blork the orc
  5891 | D:5      | Reached skill level 6 in Spellcasting
  6556 | D:5      | Found a shimmering altar of Xom.
  6559 | D:5      | Found an ancient bone altar of Kikubaaqudgha.
  6562 | D:5      | Found a shadowy altar of Dithmenos.
  6563 | D:5      | Found a stormy altar of Qazlal.
  6568 | D:5      | Found an opulent altar of Gozag.
  6629 | D:6      | Reached skill level 5 in Conjurations
  6775 | D:6      | Learned a level 5 spell: Fireball
  6795 | D:6      | Found a runed translucent door.
  6796 | D:6      | Noticed Crazy Yiuf
  6800 | D:6      | Killed Crazy Yiuf
  6921 | D:6      | Found a transporter.
  6952 | D:6      | Found a transporter.
  6953 | D:6      | Noticed Flugslaktarn's ghost (novice DDFi)
  6956 | D:6      | Noticed a vampire
  6978 | D:6      | Reached skill level 7 in Spellcasting
  7101 | D:6      | Slain by an orc warrior

Illustrated notes

Levels and vault maps discovered:
D:1:      zelgadis_glass_arrival_small, layout_basic
D:2:      layout_rooms, minmay_misc_feat_nine_boxes
D:3:      layout_basic, chequers_ecumenical_altar_simple, serial_glass,
          glass_columns_b, glass_columns_a, glass_columns_c, glass_columns_a,
          hex_large
D:4:      layout_basic
D:5:      layout_basic, minitemple, basic_altar, small_statue_intersection,
          uniq_blork_the_orc
D:6:      layout_rooms, trog_ov_bears_minmay, gammafunk_ghost_mausoleum,
          serial_shops, shop, nemelex_altar_shiori, uniq_crazy_yiuf_cottage

Skill      XL: |  1  2  3  4  5  6  7 |
---------------+----------------------+-----
Stealth        | 3 |  3.0
Dodging        | 3 |  3.0
Conjurations   | 2 3 4 5 |  5.5
Spellcasting   | 4 5 7 |  7.1
Fire Magic     | 4 5 6 |  6.3
Hexes          | 1 2 |  2.0

Action                   |  1- 3 |  4- 6 |  7- 9 || total
-------------------------+-------+-------+-------++-------
Melee: Unarmed           |     5 |    11 |     5 ||    21
 Cast: Foxfire           |    69 |   143 |    52 ||   264
       Conjure Flame     |       |     2 |     1 ||     3
       Sticky Flame      |       |     1 |     2 ||     3
       Fireball          |       |       |     1 ||     1
  Use: Potion            |     1 |       |     2 ||     3
       Scroll            |     1 |       |       ||     1
Armor: Robe              |       |     2 |       ||     2
Dodge: Dodged            |    18 |    28 |    12 ||    58

Table legend: (Time is in decaauts)
 A = Elapsed time spent in this place.
 B = Non-inter-level travel time spent in this place.
 C = Inter-level travel time spent in this place.
 D = Time resting spent in this place.
 E = Time spent auto-exploring this place.
 F = Levels seen in this place.
 G = Mean time per level.
                   A        B        C        D        E       F      G
               +--------+--------+--------+--------+--------+-----+--------+
         Total |   7091 |   6874 |    217 |   1024 |   5000 |   6 | 1181.8 |
       Dungeon |   7091 |   6874 |    217 |   1024 |   5000 |   6 | 1181.8 |
               +--------+--------+--------+--------+--------+-----+--------+

Top non-repeatable levels by time:
     D:5: 1956 daAuts
     D:3: 1342 daAuts
     D:1: 1232 daAuts
     D:4: 1129 daAuts
     D:2: 951 daAuts
     D:6: 478 daAuts
